 Dungeon Crawl Stone Soup version 0.30.0-29-ga12c61a403 (webtiles) character file.

Game seed: 17471212680088428599

60 AIAndy the Trooper (level 3, 0/30 HPs)
             Began as a Demonspawn Fighter on June 21, 2023.
             Slain by a gnoll
             ... wielding a +0 flail
              (6 damage)
             ... on level 2 of the Dungeon.
             The game lasted 00:03:42 (1063 turns).

AIAndy the Trooper (Demonspawn Fighter)             Turns: 1063, Time: 00:03:42

Health: 0/30       AC:  6    Str: 16    XL:     3   Next: 82%
Magic:  4/5        EV:  8    Int: 11    God:
Gold:   81         SH:  4    Dex: 12    Spells: 5/5 levels left

rFire   . . .        a - +0 rapier
rCold   . . .        c - +0 buckler
rNeg    . . .        b - +0 scale mail
rPois   .            (no helmet)
rElec   .            (no cloak)
rCorr   .            (no gloves)
SInv    .            (no boots)
Will    .....        (no amulet) Stlth
                     (no ring)
HPRegen 0.25/turn    (no ring)
MPRegen 0.18/turn

%: no passive effects
@: mighty
A: magic regeneration
a: no special abilities


You were on level 2 of the Dungeon.
You visited 1 branch of the dungeon, and saw 2 of its levels.

You collected 81 gold pieces.

Inventory:

Hand Weapons
 a - a +0 rapier (weapon)
Missiles
 e - 6 boomerangs (quivered)
Armour
 b - a +0 scale mail (worn)
 c - a +0 buckler (worn)
Scrolls
 f - 2 scrolls of identify {unknown}
 g - a scroll of fear {unknown}
 h - a scroll of teleportation {unknown}
 j - a scroll of poison {unknown}
Potions
 i - a potion of lignification {unknown}


   Skills:
 + Level 4.3 Fighting
 - Level 1.7 Short Blades
 - Level 2.6 Armour
 - Level 2.6 Shields
 + Level 1.5 Spellcasting


You had 5 spell levels left.
You didn't know any spells.
Your spell library contained the following spells:

 Spells                   Type           Power      Damage    Failure   Level
 Portal Projectile        Hex/Tloc       0%         N/A       99%         3
 Tukima's Dance           Hex            0%         N/A       99%         3
 Blade Hands              Tmut           0%         N/A       100%        5


Dungeon Overview and Level Annotations

Branches:
Dungeon (2/15)

Altars:

Shops:
D:1 =


Innate Abilities, Weirdness & Mutations

You regenerate magic rapidly.


Message History

A gnoll comes into view. It is wielding a +0 flail.
The kobold hits you with a +0 dagger.
A gnoll comes into view. It is wielding a +0 club.
You miss the kobold. The kobold barely misses you.
The goblin hits you with a +0 club.
You hit the kobold.
You kill the kobold!
The goblin hits you but does no damage.
Your Spellcasting skill increases to level 1!
The goblin attacks as you move away! The goblin hits you with a +0 club.
The gnoll attacks as you move away! The gnoll hits you with a +0 whip.
The goblin attacks as you move away! The goblin hits you with a +0 club.
The goblin attacks as you move away! You block the goblin's attack.
You are too injured to fight recklessly!
You barely miss the gnoll. You block the gnoll's attack.
You don't know any spells.
You feel very mighty all of a sudden. You block the gnoll's attack.
You closely miss the gnoll. The gnoll hits you with a +0 whip.
You barely miss the gnoll. The gnoll hits you with a +0 whip.
You closely miss the gnoll. The gnoll closely misses you.
You closely miss the gnoll. The gnoll hits you with a +0 whip. x2
* * * LOW HITPOINT WARNING * * *
You puncture the gnoll!
The gnoll is severely wounded.
The gnoll hits you with a +0 whip.
* * * LOW HITPOINT WARNING * * *
You puncture the gnoll!
You kill the gnoll!
You puncture the gnoll!
You kill the gnoll!
You puncture the gnoll!
The gnoll is severely wounded.
The gnoll hits you with a +0 flail.
* * * LOW HITPOINT WARNING * * *
You hit the gnoll.
You kill the gnoll!
You closely miss the gnoll. The gnoll closely misses you.
The gnoll hits you with a +0 flail.
You die...

### ####. .##.. ..##.
..... #.##.########
.##.#.####.##.........
....................
##.#.)....####...#
..........gg@.#...#
.##.######.##.....# #
#.####...# #.# #..##
#######'#####
#..........#
#..........#
#..........#
########.†####


You could see a gnoll and a goblin.

Vanquished Creatures
  3 gnolls (D:2)
  2 ball pythons (D:1)
  5 bats
  An endoplasm (D:1)
  A giant cockroach (D:1)
  A goblin (D:1)
  2 hobgoblins (D:1)
  5 jackals (D:1)
  4 kobolds
  A quokka (D:1)
  3 frilled lizards (D:1)
  3 rats
31 creatures vanquished.

Notes
Turn   | Place    | Note
-------+----------+-------------------------------------------
     0 | D:1      | AIAndy the Demonspawn Fighter began the quest for the Orb.
     0 | D:1      | Reached XP level 1. HP: 18/18 MP: 1/1
   117 | D:1      | Gained mutation: You regenerate magic rapidly. [demonic
                  | ancestry]
   117 | D:1      | Reached XP level 2. HP: 20/24 MP: 2/2
   168 | D:1      | Found Pyskaly's Jewellery Boutique.
   745 | D:1      | Reached skill level 4 in Fighting
   908 | D:2      | Reached XP level 3. HP: 30/30 MP: 4/4
  1047 | D:2      | Reached skill level 1 in Spellcasting
  1063 | D:2      | Slain by a gnoll

Illustrated notes

Levels and vault maps discovered:
D:1:      eino_arrival_cavern_c, layout_loops_ring, serial_shops, shop_statue
D:2:      layout_basic, nrook_uturn, minmay_goblin_kobold_house

Skill      XL: |  1  2  3 |
---------------+----------+-----
Fighting       | 4 |  4.3
Spellcasting   | 1 |  1.5
Short Blades   | |  1.7
Armour         | |  2.6
Shields        | |  2.6

Action                     || total
---------------------------++-------
  Melee: Rapier            ||   107
    Use: Potion            ||     1
 Armour: Scale mail        ||    40
  Dodge: Dodged            ||    47
  Block: Buckler           ||    19
